 Dungeon Crawl Stone Soup version 0.22-a0-110-g5b255cf (webtiles) character file.

6801 nono the Fighter (level 11, -2/60 HPs)
             Began as a Vine Stalker Fighter on Jan 27, 2018.
             Was a Believer of the Shining One.
             Slain by a black mamba (9 damage)
             ... on level 2 of the Lair of Beasts.
             The game lasted 00:26:53 (5144 turns).

nono the Fighter (Vine Stalker Fighter)             Turns: 5144, Time: 00:26:55

Health: -2/60      AC: 16    Str: 23    XL:     11   Next: 5%
Magic:  0/12       EV:  5    Int: 11    God:    the Shining One [**....]
Gold:   440        SH: 17    Dex: 13    Spells: 10/10 levels left

rFire    + . .     SeeInvis .   b - +2 short sword (venom)
rCold    . . .     Gourm    .   c - +0 shield
rNeg     + + .     Faith    .   L - +0 plate armour
rPois    +         Spirit   +   (no helmet)
rElec    +         Reflect  .   y - +0 cloak
rCorr    .         Harm     .   v - +0 pair of gloves
MR       +....                  (no boots)
Stlth    ..........             I - amulet of rage
HPRegen  0.60/turn              o - ring of poison resistance
MPRegen  0.13/turn              J - ring "Roehapli" {rElec rF+ rN+ Int+3 Stlth-}

@: divine shield, glowing
A: fangs 3, regeneration 1, magic shield, antimagic bite, no potion heal 3, rot
immunity
a: Divine Shield, Renounce Religion, Evoke Berserk Rage


You were on level 2 of the Lair of Beasts.
You worshipped the Shining One.
The Shining One was pleased with you.
You were very hungry.

You visited 3 branches of the dungeon, and saw 14 of its levels.

You collected 440 gold pieces.

Inventory:

Hand Weapons
 a - a +2 dagger of protection
 b - a +2 short sword of venom (weapon)
 x - a +0 hand axe of electrocution
Missiles
 H - a throwing net (quivered)
Armour
 c - a +0 shield (worn)
 v - a +0 pair of gloves (worn)
 y - a +0 cloak (worn)
 L - a +0 plate armour (worn)
Jewellery
 o - a ring of poison resistance (left hand)
 D - an uncursed amulet of the gourmand
 F - an uncursed amulet of regeneration
 I - an amulet of rage (around neck)
 J - the ring "Roehapli" (right hand) {rElec rF+ rN+ Int+3 Stlth-}
   (You found it on level 10 of the Dungeon)

   [ring of loudness]

   It affects your intelligence (+3).
   It protects you from fire.
   It insulates you from electricity.
   It protects you from negative energy.
   It makes you less stealthy.
Wands
 n - a wand of flame (62)
 w - a wand of polymorph (9)
 G - a wand of iceblast (17)
 O - a wand of disintegration (16)
Scrolls
 e - 2 scrolls of fear
 i - 3 scrolls of teleportation
 j - 5 scrolls of remove curse
 l - a scroll of immolation
 p - a scroll of fog
 r - a scroll of magic mapping
 t - 2 scrolls of blinking
 B - 2 scrolls of amnesia
 K - a scroll of identify
 M - a scroll of silence
 N - a scroll of holy word {unknown}
 P - a scroll of enchant weapon
Potions
 d - a potion of might
 g - 2 potions of flight {unknown}
 h - 4 potions of curing {unknown}
 k - a potion of ambrosia {unknown}
 m - 3 potions of resistance {unknown}
 q - 2 potions of agility {unknown}
 s - a potion of berserk rage
 u - a potion of cancellation {unknown}
 z - a potion of lignification {unknown}
 A - 2 potions of heal wounds {unknown}
 C - 3 potions of degeneration {unknown}
 E - a potion of magic
Comestibles
 f - 20 rations


   Skills:
 + Level 8.1 Fighting
 + Level 7.8 Short Blades
 + Level 7.4 Armour
 + Level 8.1 Shields


You had 10 spell levels left.
You didn't know any spells.

Dungeon Overview and Level Annotations

Branches:
Dungeon (11/15)            Temple (1/1) D:7            Lair (2/6) D:11
 Spider (0/4) Lair:2
  Swamp: Lair:2-4    Shoals: Lair:2-4       Orc: D:9-12

Altars:
Ashenzari
Cheibriados
Elyvilon
Fedhas
Gozag
Hepliaklqana
Sif Muna
Trog
Uskayaw
Wu Jian
Xom
Zin
The Shining One

Shops:
D:6 :

Annotations:
D:5 varam's ghost, novice GnWn


Innate Abilities, Weirdness & Mutations

You have razor-sharp teeth.
Your natural rate of healing is unusually fast.
When hurt, damage is shared between your health and your magic reserves.
Your bite disrupts and absorbs the magic of your enemies.
Potions cannot restore your health.
You are immune to rotting.


Message History

The black mamba is severely wounded.
The black mamba bites you but does no damage.
You barely miss the black mamba. Your bite misses the black mamba.
The black mamba is severely wounded.
The black mamba barely misses you.
You hit the black mamba. Your bite misses the black mamba.
The black mamba is severely wounded.
The black mamba bites you but does no damage.
The catoblepas gores you!!
* * * LOW HITPOINT WARNING * * *
The black mamba bites you but does no damage.
Evoke which item? (* to show all) (? for menu, Esc to quit)
Okay, then.
Your shield is strengthened by the Shining One's divine power.
You feel slightly more hungry. The black mamba completely misses you.
The catoblepas breathes a plume of calcifying dust at you.
The blast of calcifying dust hits you!
* * * LOW HITPOINT WARNING * * *
The black mamba bites you!
You die... #P.......PP.PP#.......^^^..^ .PPP♣PPPPPPPP♣##P#.##....^..^.. ..PP.#♣P♣PP♣.P.P ####.....^^.^^ P.PP PPPPPPP.P#PP#.##......^.>^ .PP..PPPPP♣PPPP

P#..#.....^^^.. ##
###############.##.........^
#..... #....#P.....^^..^
#..... #...§........^^..
#.....##@...P...........
.......#SY.#............
........§P###......[....
...........§............
........................
.......................
......................
.......##..+#..# ###....
##.. ###


You could see a catoblepas and a black mamba.

Vanquished Creatures
  Maurice (D:9)
  2 spiny frogs (Lair:2)
  A komodo dragon (Lair:1)
  A troll (D:11)
  Grinder (D:6)
  2 hippogriffs
  2 wyverns
  Eustachio (D:6)
  A hungry ghost (D:8)
  3 water moccasins
  A porcupine (D:11)
  2 sky beasts
  4 ice beasts
  4 orc warriors
  An eye of draining (D:8)
  A black bear (D:9)
  7 wolves
  2 centaurs
  3 ogres
  A crocodile (Lair:1)
  5 bullfrogs
  A gnoll sergeant (D:8)
  3 scorpions
  4 killer bees (D:8)
  A wight (D:9)
  2 howler monkeys
  2 crimson imps
  A quasit (D:9)
  2 centaur zombies
  4 hounds
  Crazy Yiuf (D:6)
  3 bullfrog skeletons
  2 orc priests
  8 orc wizards
  2 worker ants (D:5)
  A hound zombie (D:10)
  A hound skeleton (D:9)
  6 adders
  6 gnolls
  A shadow imp (D:9)
  An ooze (D:3)
  2 adder skeletons (D:6)
  A dart slug (D:2)
  A leopard gecko (D:6)
  22 orcs
  4 bats
  3 giant cockroaches
  3 goblins
  5 hobgoblins
  4 jackals (D:8)
  A quokka (D:11)
  8 frilled lizards
  4 kobolds
  2 rats
158 creatures vanquished.

Vanquished Creatures (others)
  An orc wizard (D:3)
1 creature vanquished.

Grand Total: 159 creatures vanquished

Notes
Turn   | Place    | Note
-------+----------+-------------------------------------------
     0 | D:1      | nono the Vine Stalker Fighter began the quest for the Orb.
     0 | D:1      | Reached XP level 1. HP: 11/11 MP: 2/2
   187 | D:1      | Reached XP level 2. HP: 9/16 MP: 3/3
   323 | D:2      | Reached XP level 3. HP: 15/20 MP: 4/4
   555 | D:3      | Gained mutation: Your natural rate of healing is unusually fast. [Vine Stalker growth]
   555 | D:3      | Reached XP level 4. HP: 24/24 MP: 5/5
   684 | D:3      | Reached XP level 5. HP: 4/28 MP: 0/6
   839 | D:5      | Entered Level 5 of the Dungeon
   912 | D:5      | Reached XP level 6. HP: 30/33 MP: 7/7
  1116 | D:4      | HP: 1/33 [gnoll/enchanted whip (6)]
  1123 | D:4      | HP: 1/33 [gnoll/enchanted whip (4)]
  1661 | D:4      | Reached XP level 7. HP: 28/37 MP: 8/8
  1769 | D:5      | Noticed varam's ghost (novice GnWn)
  1882 | D:6      | Found a runed door.
  1886 | D:6      | Noticed Crazy Yiuf
  1892 | D:6      | Killed Crazy Yiuf
  2062 | D:7      | Found a staircase to the Ecumenical Temple.
  2067 | Temple   | Entered the Ecumenical Temple
  2100 | Temple   | Became a worshipper of the Shining One
  2214 | D:6      | Noticed Grinder
  2221 | D:6      | Killed Grinder
  2221 | D:6      | Gained mutation: You have razor-sharp teeth. [Vine Stalker growth]
  2221 | D:6      | Reached XP level 8. HP: 35/42 MP: 6/9
  2235 | D:6      | Found a snail-covered altar of Cheibriados.
  2250 | D:6      | Found Zearpheikh's Book Shoppe.
  2331 | D:6      | Noticed Eustachio
  2377 | D:6      | Killed Eustachio
  2377 | D:6      | Reached skill level 5 in Fighting
  2377 | D:6      | Reached skill level 5 in Shields
  2659 | D:7      | Reached skill level 5 in Short Blades
  2709 | D:7      | Reached skill level 5 in Armour
  2766 | D:8      | Reached XP level 9. HP: 48/48 MP: 10/10
  3214 | D:9      | Reached * piety under the Shining One
  3410 | D:9      | Reached XP level 10. HP: 42/53 MP: 11/11
  3627 | D:9      | Noticed Maurice
  3646 | D:9      | Killed Maurice
  4081 | D:10     | Entered Level 10 of the Dungeon
  4112 | D:10     | Got an ancient leather armour
  4123 | D:10     | Identified the +2 leather armour of Beauty {-Cast *Corrode MR+ Int+10} (You found it on level 10 of the Dungeon)
  4229 | D:10     | Got a crude copper ring
  4234 | D:10     | Identified the ring "Roehapli" {rElec rF+ rN+ Int+3 Stlth-} (You found it on level 10 of the Dungeon)
  4453 | D:10     | Reached ** piety under the Shining One
  4533 | D:11     | Noticed a death yak
  4535 | D:11     | Found a staircase to the Lair.
  4536 | D:11     | Noticed a death yak
  4536 | D:11     | Noticed a death yak
  4584 | Lair:1   | Entered Level 1 of the Lair of Beasts
  4998 | Lair:2   | Noticed a spiny frog
  5008 | Lair:2   | Killed a spiny frog
  5030 | Lair:2   | Noticed a spiny frog
  5039 | Lair:2   | Killed a spiny frog
  5039 | Lair:2   | Reached XP level 11. HP: 56/60 MP: 12/12
  5079 | Lair:2   | Found a blossoming altar of Fedhas.
  5107 | Lair:2   | Found a hole to the Spider Nest.
  5123 | Lair:2   | Noticed a catoblepas
  5144 | Lair:2   | Slain by a black mamba

Vault maps used:
D:1:      matt_arrival_spirals
D:5:      first_ration
D:6:      kennysheep_slug_shrine, serial_shops, shop, uniq_grinder,
          uniq_crazy_yiuf_cottage, uniq_eustachio
D:7:      minmay_temple_entry_statues_pillars
D:9:      grunt_pizzeria, kennysheep_generic_room_7, uniq_maurice
D:11:     lemuel_upstairs_altar, dpeg_lair_monsters, orc_0_dummy
Temple:   kilobyte_greek_temple
Lair:1:   lemuel_fruit_tree
Lair:2:   spider_nest_entry_web_field, tgw_fedhas, grunt_megastairs_1

Skill      XL: |  1  2  3  4  5  6  7  8  9 10 |
---------------+-------------------------------+-----
Short Blades   | 2 3 4 5 6 7 |  7.8
Fighting       | 3 4 5 6 8 |  8.1
Shields        | 3 4 5 6 8 |  8.1
Armour         | 3 4 5 6 7 |  7.4

Action                   |  1- 3 |  4- 6 |  7- 9 | 10-12 || total
-------------------------+-------+-------+-------+-------++-------
Melee: Rapier            |    57 |   146 |   118 |       ||   321
       Bite              |    14 |    41 |   152 |    92 ||   299
       Dagger            |       |       |   303 |   197 ||   500
       Short sword       |       |       |       |    68 ||    68
Invok: Divine Shield     |       |       |       |     2 ||     2
 Abil: Evoke Berserk Rag |       |       |       |     1 ||     1
Evoke: Wand              |       |       |     3 |       ||     3
  Use: Potion            |       |       |     1 |       ||     1
       Scroll            |       |       |     7 |     8 ||    15
  Eat: Chunk             |       |     3 |     6 |     6 ||    15
Armor: Scale mail        |    11 |    53 |    80 |       ||   144
       Chain mail        |       |       |    98 |       ||    98
       Plate armour      |       |       |       |   128 ||   128
Dodge: Dodged            |    22 |    31 |    99 |    34 ||   186
Block: Shield            |    32 |    71 |   196 |   116 ||   415

Table legend:
 A = Spawn XP
 B = Non-spawn XP
 C = Spawn XP percentage of total XP
 D = Spawn monster count
 E = Non-spawn monster count
 F = Spawn count percentage of total count
 G = Total turns spent on level
                    A         B        C        D         E        F      G
               +---------+---------+-------+---------+---------+-------+---------
         Total |       0 |    9716 |   0.0 |       0 |     159 |   0.0 |  5144
               +---------+---------+-------+---------+---------+-------+---------
           D:1 |       0 |      16 |   0.0 |       0 |      10 |   0.0 |   326
           D:2 |       0 |      21 |   0.0 |       0 |       4 |   0.0 |   181
           D:3 |       0 |     198 |   0.0 |       0 |      27 |   0.0 |   538
           D:4 |       0 |     109 |   0.0 |       0 |      10 |   0.0 |   435
           D:5 |       0 |     258 |   0.0 |       0 |       7 |   0.0 |   246
           D:6 |       0 |     867 |   0.0 |       0 |      11 |   0.0 |   522
           D:7 |       0 |     654 |   0.0 |       0 |      13 |   0.0 |   422
           D:8 |       0 |    1820 |   0.0 |       0 |      24 |   0.0 |   860
           D:9 |       0 |    1966 |   0.0 |       0 |      25 |   0.0 |   487
          D:10 |       0 |     404 |   0.0 |       0 |       8 |   0.0 |   383
          D:11 |       0 |     608 |   0.0 |       0 |       5 |   0.0 |   120
        Lair:1 |       0 |    1148 |   0.0 |       0 |       7 |   0.0 |   385
        Lair:2 |       0 |    1647 |   0.0 |       0 |       8 |   0.0 |   175
               +---------+---------+-------+---------+---------+-------+---------
